 Dungeon Crawl Stone Soup version 0.14-a0-2632-gd2f732a (webtiles) character file.

4342 Kae the Martial Artist (level 10, -3/71 HPs)
             Began as a Black Draconian Transmuter on Feb 15, 2014.
             Was a Follower of Sif Muna.
             Slain by an orc warrior
             ... wielding a +0,+0 orcish halberd
              (20 damage)
             ... on Level 7 of the Dungeon.
             The game lasted 00:18:28 (9399 turns).

Kae the Martial Artist (Black Draconian Transmuter) Turns: 9399, Time: 00:18:28

HP  -3/71        AC  7     Str 13      XL: 10   Next:  2%
MP   0/16        EV 12     Int 14      God: Sif Muna [*.....]
Gold 394         SH  0     Dex 14      Spells:  3 memorised,  7 levels left

rFire  . . .     SeeInvis .       - Unarmed
rCold  . . .     Clarity  .     (armour unavailable)
rNeg   . . .     Conserve .     (no shield)
rPois  .         rCorr    .     (helmet restricted)
rElec  +         rRot     .     (no cloak)
SustAb . .       Spirit   +     (no gloves)
rMut   .         Warding  .     (no boots)
Saprov . . .     Stasis   .     h - amulet of guardian spirit
MR     +....                    m - +0,+7 ring of slaying
                                s - ring of protection from magic

@: appendage, somewhat resistant to hostile enchantments, unstealthy
A: breathe lightning, unfitting armour, horns 2, electricity resistance, AC +7
a: Breathe Lightning, End Transformation, Channel Energy, Renounce Religion


You were on level 7 of the Dungeon.
You worshipped Sif Muna.
Sif Muna was aware of your devotion.
You were very hungry.
You had grown temporary horns.
You visited 2 branches of the dungeon, and saw 9 of its levels.

You collected 394 gold pieces.

Inventory:

Missiles
 b - 7 arrows
 A - 5 tomahawks (quivered)
Magical devices
 x - a wand of disintegration (10)
 z - a wand of random effects (21)
Comestibles
 a - 4 bread rations
 D - a pear
 E - a beef jerky
Scrolls
 c - a scroll of noise
 f - a scroll of teleportation
 i - 4 scrolls of curse weapon {unknown}
 k - 2 scrolls of enchant weapon II
 l - 3 scrolls of identify
 n - a scroll of enchant weapon I
 p - 2 scrolls of fog
 q - a scroll of curse jewellery {unknown}
 t - 4 scrolls of remove curse {unknown}
 y - a scroll of enchant armour {unknown}
 B - a scroll of magic mapping {unknown}
Jewellery
 e - an uncursed amulet of resist corrosion
 h - an amulet of guardian spirit (around neck)
 m - a +0,+7 ring of slaying (right hand)
 r - an uncursed ring of protection from fire
 s - a ring of protection from magic (left hand)
 w - a cursed amulet of resist corrosion
 F - an uncursed ring of wizardry {unknown}
Potions
 g - a potion of decay {unknown}
 j - 2 potions of restore abilities {unknown}
 o - 2 potions of curing
 u - 2 potions of resistance
 v - 2 potions of magic
 C - 2 potions of might {unknown}
 G - a potion of paralysis {unknown}
Books
 d - a book of Changes

   Spells                             Type                      Level
   *Beastly Appendage                 Transmutation                1
   *Sticks to Snakes                  Transmutation                2
   *Spider Form                       Transmutation/Poison         3
   Ice Form                           Ice/Transmutation            4
   Blade Hands                        Transmutation                5
 H - a book of Power

   Spells                             Type                      Level
   Iskenderun's Mystic Blast          Conjuration                  4
   Venom Bolt                         Conjuration/Poison           5
   Bolt of Magma                      Conjuration/Fire/Earth       5
   Fulminant Prism                    Conjuration/Hexes            5
   Iron Shot                          Conjuration/Earth            6
   Orb of Destruction                 Conjuration                  7


   Skills:
 - Level 1.1 Fighting
 - Level 1.7 Dodging
 * Level 12.0 Unarmed Combat
 - Level 2.0 Spellcasting
 + Level 8.4 Transmutations


You had 7 spell levels left.
You knew the following spells:

 Your Spells              Type           Power        Failure   Level  Hunger
a - Beastly Appendage     Trmt           ####..       1%          1    ##.....
b - Sticks to Snakes      Trmt           ####......   1%          2    ###....
c - Spider Form           Trmt/Pois      ##........   14%         3    ####...


Dungeon Overview and Level Annotations

Branches:
Dungeon (8/16)             Temple (1/1) D:6
   Lair: D:8-11

Altars:
Ashenzari
Cheibriados
Dithmenos
Elyvilon
Fedhas
Kikubaaqudgha
Makhleb
Nemelex Xobeh
Okawaru
Sif Muna
Trog
Vehumet
Xom
Yredelemnul
Zin
The Shining One


Innate Abilities, Weirdness & Mutations

You can breathe wild blasts of lightning.*
Your glossy black scales are hard (AC +7).*
Your body does not fit into most forms of armour.
Your cold-blooded metabolism reacts poorly to cold.
You are resistant to electric shocks.*
You have a pair of horns on your head.*


Message History

The orc warrior is lightly wounded.
You punch the orc warrior!
The orc warrior is heavily wounded.
The orc warrior hits you with an orcish halberd!
You hit the orc warrior but do no damage.
Your tail-slap misses the orc warrior.
The orc warrior is heavily wounded.
You barely miss the orc warrior. Your punch misses the orc warrior.
The orc warrior is heavily wounded.
The orc warrior hits you with an orcish halberd!
You are too injured to fight recklessly!
You are too injured to fight recklessly!
You are too injured to fight recklessly!
Casting: Beastly Appendage
Confirm with . or Enter, or press ? or * to list all spells.
You grow a pair of large bovine horns.
The orc warrior hits you with an orcish halberd!
* * * LOW HITPOINT WARNING * * *
The orc warrior hits you with an orcish halberd!
You die...

#...%#######)kk##.....#.......
##...##...##....#...#####.k...
#...#.....##.%.....# ##...
#..........##.....## (
#......#...##....(.#
###...##....##.#...###
######.....###....>#
###..).[##....###
#..)).@##.....#
###.)o..##....###
###...##......###
#....####......###
###...##..##.......#
###.....#....###.....#
###.......##....####...#
#.......###.....##.....#
###.....####....####.....#


You could see an orc warrior.

Vanquished Creatures
  The ghost of CrazyArbalest the Quickloader, an experienced DsHu of Okawaru (D:6)
  Joseph (D:8)
  A hungry ghost (D:7)
  A hill giant zombie (D:8)
  A necrophage (D:5)
  A black bear (D:7)
  4 orc warriors
  An ice beast (D:7)
  3 phantoms
  A centaur (D:7)
  3 ogres
  A crocodile (D:7)
  A water moccasin (D:6)
  Blork the orc (D:6)
  2 killer bees (D:7)
  3 jellies
  5 crimson imps
  5 orc priests
  2 gnoll shamans
  3 worker ants
  An iguana (D:6)
  2 centaur skeletons (D:4)
  5 orc wizards
  A two-headed ogre skeleton (D:8)
  An ogre zombie (D:7)
  Jessica (D:2)
  A worker ant zombie (D:6)
  10 gnolls
  6 adders
  5 worms
  An adder zombie (D:5)
  A giant eyeball (D:4)
  4 giant geckos
  17 orcs
  A ball python (D:3)
  5 giant cockroaches
  7 goblins
  12 hobgoblins
  2 jackals (D:1)
  13 kobolds
  6 quokkas
  12 bats
  3 giant newts
  A giant spore (D:7)
  A quokka skeleton (D:4)
  12 rats
  A rat skeleton (D:6)
  2 ballistomycetes (D:7)
175 creatures vanquished.

Vanquished Creatures (collateral kills)
  A goliath beetle (D:6)
1 creature vanquished.

Grand Total: 176 creatures vanquished

Notes
Turn   | Place    | Note
--------------------------------------------------------------
     0 | D:1      | Kae, the Draconian Transmuter, began the quest for the Orb.
     0 | D:1      | Reached XP level 1. HP: 16/16 MP: 3/3
   325 | D:1      | Reached XP level 2. HP: 21/23 MP: 4/4
  1396 | D:2      | Reached XP level 3. HP: 25/28 MP: 3/6
  1425 | D:2      | Reached skill level 4 in Unarmed Combat
  1633 | D:2      | Noticed Jessica
  1642 | D:2      | Killed Jessica
  1683 | D:2      | Reached XP level 4. HP: 20/35 MP: 7/7
  2711 | D:4      | Noticed an ogre
  2716 | D:4      | Learned a level 2 spell: Sticks to Snakes
  2720 | D:4      | Learned a level 3 spell: Spider Form
  2736 | D:4      | Killed an ogre
  2736 | D:4      | Reached skill level 5 in Unarmed Combat
  2736 | D:4      | Reached XP level 5. HP: 10/40 MP: 2/9
  2982 | D:4      | Noticed an ogre
  2991 | D:4      | Killed an ogre
  2991 | D:4      | Reached XP level 6. HP: 43/47 MP: 4/10
  2999 | D:4      | Noticed a phantom
  3231 | D:4      | Reached skill level 6 in Unarmed Combat
  3477 | D:4      | Killed a phantom
  3781 | D:4      | Found a glowing golden altar of the Shining One.
  4153 | D:4      | Paralysed by a giant eyeball for 2 turns
  4240 | D:5      | Entered Level 5 of the Dungeon
  4252 | D:5      | Your scales start taking on a glossy black colour.
  4252 | D:5      | Gained mutation: You are resistant to electric shocks. [draconian maturity]
  4252 | D:5      | Reached XP level 7. HP: 49/52 MP: 9/12
  4281 | D:5      | Reached skill level 7 in Unarmed Combat
  4581 | D:5      | Noticed a necrophage
  4591 | D:5      | Killed a necrophage
  4634 | D:5      | Reached skill level 5 in Transmutations
  4955 | D:6      | Noticed CrazyArbalest's ghost (experienced DsHu)
  5053 | D:6      | Killed CrazyArbalest's ghost
  5053 | D:6      | Reached skill level 8 in Unarmed Combat
  5053 | D:6      | Reached XP level 8. HP: 21/59 MP: 6/13
  5307 | D:6      | Reached skill level 9 in Unarmed Combat
  5312 | D:6      | Noticed Blork the orc
  5333 | D:6      | Killed Blork the orc
  5583 | D:6      | Found a staircase to the Ecumenical Temple.
  5599 | Temple   | Entered the Ecumenical Temple
  5705 | Temple   | Became a worshipper of Sif Muna the Loreminder
  6327 | D:7      | Reached skill level 10 in Unarmed Combat
  6536 | D:6      | Reached XP level 9. HP: 36/64 MP: 7/14
  7672 | D:7      | Reached skill level 11 in Unarmed Combat
  8540 | D:8      | Noticed Joseph
  8843 | D:8      | Killed Joseph
  8843 | D:8      | Acquired Sif Muna's first power
  8843 | D:8      | Reached skill level 12 in Unarmed Combat
  9128 | D:8      | Reached XP level 10. HP: 59/71 MP: 12/16
  9399 | D:7      | Slain by an orc warrior

Action                   |  1- 3 |  4- 6 |  7- 9 | 10-12 || total
-------------------------+-------+-------+-------+-------++-------
Melee: Unarmed           |   113 |   185 |   384 |    15 ||   697
Throw: Tomahawk          |       |       |     6 |       ||     6
 Cast: Beastly Appendage |     1 |     6 |    14 |     2 ||    23
       Spider Form       |       |     2 |     2 |       ||     4
       Sticks to Snakes  |       |       |     3 |       ||     3
Evoke: Wand              |       |       |     2 |       ||     2
  Use: Potion            |     1 |       |     1 |       ||     2
       Scroll            |       |       |    17 |       ||    17
